 Dungeon Crawl Stone Soup version 0.25.0-10-g039870ee82 (webtiles) character file.

Game seed: 1179865107443294049

4105 Lauz the Carver (level 10, -1/84 HPs)
             Began as a Minotaur Fighter on June 22, 2020.
             Was an Initiate of Okawaru.
             Slain by Erica
             ... wielding a +0 scimitar of flaming
              (2 damage)
             ... on level 8 of the Dungeon.
             The game lasted 00:15:07 (8678 turns).

Lauz the Carver (Minotaur Fighter)                  Turns: 8678, Time: 00:15:08

Health: -1/84      AC:  9    Str: 25    XL:     10   Next: 6%
Magic:  9/9        EV:  8    Int:  5    God:    Okawaru [......]
Gold:   381        SH:  0    Dex:  9    Spells: 9/9 levels left

rFire    . . .     SeeInvis .   a - +1 long sword
rCold    . . .     Gourm    .   c - +0 kite shield
rNeg     . . .     Faith    .   b - +0 scale mail
rPois    .         Spirit   .   (helmet restricted)
rElec    .         Reflect  .   (no cloak)
rCorr    .         Harm     .   g - +0 pair of gloves
MR       .....                  (no boots)
Stlth    ..........             p - amulet of magic regeneration
HPRegen  0.24/turn              (no ring)
MPRegen  0.36/turn              (no ring)

@: confused, marked, hasted, very quick
A: retaliatory headbutt, horns 2
a: Renounce Religion


You were on level 8 of the Dungeon.
You worshipped Okawaru.
Okawaru was noncommittal.
You were very hungry.

You visited 2 branches of the dungeon, and saw 9 of its levels.

You collected 381 gold pieces.

Inventory:

Hand Weapons
 a - a +1 long sword (weapon)
Armour
 b - a +0 scale mail (worn)
 c - a +0 kite shield (worn)
 g - a +0 pair of gloves (worn)
 n - a +0 plate armour
 r - a +0 chain mail
Jewellery
 o - an uncursed amulet of inaccuracy
 p - an amulet of magic regeneration (around neck)
Wands
 x - a wand of paralysis (4)
 F - a wand of enslavement (5)
 G - a wand of random effects (18)
Scrolls
 e - a scroll of identify
 j - 2 scrolls of magic mapping
 s - 3 scrolls of enchant weapon
 t - 4 scrolls of fog
 w - a scroll of enchant armour {unknown}
 y - a scroll of immolation {unknown}
 A - 2 scrolls of blinking {unknown}
 B - a scroll of vulnerability {unknown}
 D - a scroll of remove curse
Potions
 d - 3 potions of might
 i - a potion of haste
 k - 3 potions of lignification
 l - 2 potions of flight
 m - a potion of berserk rage
 q - 2 potions of magic
 u - 3 potions of cancellation
 z - a potion of stabbing
 C - 2 potions of curing {unknown}
 E - a potion of brilliance {unknown}
Comestibles
 f - 11 rations


   Skills:
 + Level 6.7 Fighting
 * Level 12.0 Long Blades
 + Level 8.8 Armour
 + Level 8.7 Shields


You had 9 spell levels left.
You didn't know any spells.
Your spell library was empty.

Dungeon Overview and Level Annotations

Branches:
Dungeon (8/15)             Temple (1/1) D:7
   Lair: D:8-11

Altars:
Ashenzari
Cheibriados
Dithmenos
Elyvilon
Fedhas
Gozag
Kikubaaqudgha
Makhleb
Nemelex Xobeh
Okawaru
Qazlal
Ru
Sif Muna
Trog
Vehumet
Wu Jian
Xom
Yredelemnul
Zin
The Shining One

Shops:
D:5 *

Annotations:
D:3 Sigmund
D:8 Erica, Joseph


Innate Abilities, Weirdness & Mutations

You reflexively headbutt those who attack you in melee.
You have a pair of horns on your head.


Message History

You bump into the rock wall.
Something hits you! Something burns you.
* * * LOW HITPOINT WARNING * * *
The quokka bites you but does no damage.
You're too confused to move!
Something hits you.
* * * LOW HITPOINT WARNING * * *
Something burns you.
* * * LOW HITPOINT WARNING * * *
The quokka closely misses you.
You bump into the rock wall.
The quokka bites you but does no damage.
Something hits you!
* * * LOW HITPOINT WARNING * * *
Something burns you.
* * * LOW HITPOINT WARNING * * *
You feel yourself speed up.
The quokka bites you but does no damage.
Something hits you!
* * * LOW HITPOINT WARNING * * *
Something burns you.
You die...

#..# #### #..#
### #... #..# #..
.O. ######.<# #.#
.. #.......# #.#
.. #.#####.# #.#
. #.# #o# #.#
........ #.#
#{####.####..#
.... #.#
#.@r.........#
#... #.#
######.####.##
##.. #.# #.#
#..######.
#########.#
####.###.........
.......##.####
#.........## ##
.............#
#.##.....[.#
.........###.#
#.######.#.#
##...##..# #.#
#.# #.#.#
#.....#..# #.#
#.# #.#.#


You could see an orc wizard and a quokka.

Vanquished Creatures
  The ghost of StormphoenixUK the Basher, a novice MiAK of Lugonu (D:6)
  Grinder (D:6)
  Prince Ribbit (D:8)
  A hippogriff (D:6)
  Menkaure (D:7)
  Edmund (D:6)
  Duvessa (D:7)
  2 sky beasts
  An orc warrior (D:6)
  2 ice beasts
  3 ogres
  3 phantoms
  A centaur (D:6)
  A big kobold (D:8)
  Blork the orc (D:6)
  2 bullfrogs
  Dowan (D:7)
  A wyvern zombie (D:8)
  2 scorpions (D:4)
  4 killer bees (D:8)
  2 howler monkeys
  A bullfrog zombie (D:6)
  A crimson imp (D:8)
  A gnoll shaman (D:7)
  2 hounds
  8 orc wizards
  2 quasits
  A bullfrog skeleton (D:4)
  2 orc priests
  Terence (D:3)
  Natasha (thrice) (D:4)
  6 worker ants
  Robin (D:2)
  4 adders
  3 gnolls (D:7)
  A shadow imp (D:8)
  2 oozes (D:3)
  2 adder zombies (D:8)
  A worm (D:3)
  3 dart slugs
  3 leopard geckos
  14 orcs
  2 ball pythons (D:4)
  6 giant cockroaches
  13 hobgoblins
  6 jackals
  6 quokkas
  6 bats
  10 frilled lizards
  9 goblins
  12 kobolds
  8 rats
173 creatures vanquished.

Notes
Turn   | Place    | Note
-------+----------+-------------------------------------------
     0 | D:1      | Lauz the Minotaur Fighter began the quest for the Orb.
     0 | D:1      | Reached XP level 1. HP: 19/19 MP: 0/0
    10 | D:1      | Noticed an electric eel
   108 | D:1      | Found a sparkling altar of Nemelex Xobeh.
   297 | D:1      | Reached XP level 2. HP: 27/27 MP: 1/1
   828 | D:2      | Reached XP level 3. HP: 33/33 MP: 2/2
  1118 | D:2      | Found a snail-covered altar of Cheibriados.
  1130 | D:2      | Found a shadowy altar of Dithmenos.
  1140 | D:2      | Found a radiant altar of Vehumet.
  1225 | D:2      | Noticed Robin
  1228 | D:2      | Reached skill level 3 in Long Blades
  1240 | D:2      | Killed Robin
  1403 | D:2      | Reached XP level 4. HP: 37/40 MP: 3/3
  1515 | D:2      | Found an opulent altar of Gozag.
  2078 | D:3      | Found a bloodstained altar of Trog.
  2240 | D:3      | Noticed Sigmund
  2270 | D:3      | Reached skill level 4 in Long Blades
  2432 | D:3      | Noticed Terence
  2442 | D:3      | Killed Terence
  2442 | D:3      | Reached XP level 5. HP: 46/46 MP: 4/4
  2464 | D:3      | Reached skill level 5 in Armour
  2745 | D:4      | Reached skill level 5 in Long Blades
  2745 | D:4      | Reached skill level 5 in Shields
  2764 | D:4      | Reached XP level 6. HP: 53/53 MP: 5/5
  3258 | D:4      | Reached skill level 6 in Long Blades
  3338 | D:4      | Reached XP level 7. HP: 60/60 MP: 6/6
  3542 | D:4      | Noticed Natasha
  3547 | D:4      | Killed Natasha
  3567 | D:4      | Found a burning altar of Makhleb.
  3568 | D:4      | Noticed a balrug
  3572 | D:4      | Found a glowing silver altar of Zin.
  3572 | D:4      | Noticed an angel
  3611 | D:4      | Found a basalt altar of Yredelemnul.
  3664 | D:4      | Noticed Natasha
  3665 | D:4      | Found a white marble altar of Elyvilon.
  3672 | D:4      | Killed Natasha
  3818 | D:4      | Noticed Natasha
  3826 | D:4      | Killed Natasha
  3868 | D:5      | Entered Level 5 of the Dungeon
  3891 | D:5      | Found Qikh's General Store.
  3930 | D:5      | Found a blossoming altar of Fedhas.
  4082 | D:5      | Reached skill level 7 in Long Blades
  4387 | D:5      | Reached skill level 5 in Fighting
  4615 | D:6      | Reached XP level 8. HP: 60/68 MP: 7/7
  4664 | D:6      | Noticed Blork the orc
  4665 | D:6      | Found a large runed translucent door.
  4678 | D:6      | Killed Blork the orc
  4678 | D:6      | Reached skill level 8 in Long Blades
  5028 | D:6      | Noticed Edmund
  5041 | D:6      | Killed Edmund
  5041 | D:6      | Reached skill level 9 in Long Blades
  5204 | D:6      | Noticed Grinder
  5212 | D:6      | Killed Grinder
  5219 | D:6      | Reached skill level 10 in Long Blades
  5226 | D:6      | HP: 2/70 [orc wizard/+1 dagger of venom (2)]
  5502 | D:6      | Noticed a hippogriff
  5512 | D:6      | Killed a hippogriff
  5512 | D:6      | Reached XP level 9. HP: 51/75 MP: 8/8
  5638 | D:6      | Found a large runed translucent door.
  5638 | D:6      | Noticed StormphoenixUK's ghost (novice MiAK)
  5909 | D:6      | Killed StormphoenixUK's ghost
  6328 | D:7      | Noticed Duvessa
  6350 | D:7      | Killed Duvessa
  6449 | D:7      | Noticed Dowan
  6472 | D:7      | Killed Dowan
  6505 | D:7      | Found a staircase to the Ecumenical Temple.
  6515 | Temple   | Entered the Ecumenical Temple
  6526 | Temple   | Reached skill level 11 in Long Blades
  6928 | D:7      | Noticed Menkaure
  6940 | D:7      | Killed Menkaure
  7660 | D:8      | Found an iron altar of Okawaru.
  7697 | D:8      | Became a worshipper of Warmaster Okawaru
  7749 | D:8      | Noticed Prince Ribbit
  7758 | D:8      | Killed Prince Ribbit
  8033 | D:8      | Noticed Joseph
  8078 | D:8      | Reached XP level 10. HP: 36/84 MP: 9/9
  8081 | D:8      | Reached skill level 12 in Long Blades
  8657 | D:8      | Identified the +2 scale mail "Pypioghe" {Int+4}
  8662 | D:8      | Noticed Erica
  8678 | D:8      | HP: 1/84 [something (10)]
  8678 | D:8      | Slain by Erica

Illustrated notes

Levels and vault maps discovered:
D:1:      arrival_aquarium_a, layout_basic, nemelex_xobeh_ov_fountains_minmay
D:2:      layout_loops_ring, marbit_many_paths,
          minmay_overflow_temple_star_quad, uniq_robin
D:3:      layout_basic, first_ration, hangedman_abyss_or_decor_stabs,
          trog_three_pillars_becter, uniq_terence, uniq_sigmund
D:4:      layout_rooms, grunt_temple_overflow_order_and_chaos_2,
          kennysheep_ying_yang, minivault_1, serial_park_tiny_2,
          patterned_corridor, uniq_natasha
D:5:      layout_loops_ring, basic_altar, serial_shops, shop
D:6:      layout_rooms, ebering_ghost_disaster_area,
          chequers_serial_rivers_large_a, minmay_diced_spiral,
          uniq_blork_the_orc, uniq_edmund, uniq_grinder
D:7:      layout_basic, minmay_temple_entry_drinking_statues, uniq_menkaure,
          uniq_duvessa
D:8:      layout_loops_ring, okawaru_gym_becter, uniq_prince_ribbit1,
          uniq_erica, uniq_joseph
Temple:   compressed_dpeg_triangle_lava_temple

Skill      XL: |  1  2  3  4  5  6  7  8  9 10 |
---------------+-------------------------------+-----
Armour         | 4 5 6 7 8 |  8.8
Shields        | 4 5 6 7 8 |  8.7
Fighting       | 4 5 6 |  6.7
Long Blades    | 3 4 5 6 7 10 11 12 | 12.0

Action                   |  1- 3 |  4- 6 |  7- 9 | 10-12 || total
-------------------------+-------+-------+-------+-------++-------
Melee: Long sword        |   118 |   170 |   350 |    28 ||   666
       Headbutt          |    17 |    28 |    64 |     8 ||   117
Evoke: Wand              |       |       |     2 |     3 ||     5
  Use: Scroll            |       |       |    15 |     2 ||    17
       Potion            |       |       |     6 |     1 ||     7
  Eat: Chunk             |     2 |     6 |    12 |     1 ||    21
       Ration            |       |       |     1 |       ||     1
Armor: Scale mail        |    40 |    68 |   100 |    14 ||   222
       Skin              |       |       |     1 |       ||     1
Dodge: Dodged            |    39 |    39 |    75 |     6 ||   159
Block: Kite shield       |    59 |    99 |   178 |     9 ||   345
       Rpst.: Long sword |     9 |     9 |    22 |     1 ||    41
